 Dungeon Crawl Stone Soup version 0.22-a0-160-gcc81d7a (webtiles) character file.

4377 KristoblXynda the Carver (level 10, -7/70 HPs)
             Began as a Formicid Fighter on Feb 10, 2018.
             Was a Believer of Qazlal.
             Mangled by a yak (13 damage)
             ... on level 9 of the Dungeon on Feb 11, 2018.
             The game lasted 00:16:02 (7198 turns).

KristoblXynda the Carver (Formicid Fighter)         Turns: 7198, Time: 00:16:03

Health: -7/70      AC: 13    Str: 21    XL:     10   Next: 60%
Magic:  23/23      EV:  9    Int: 11    God:    Qazlal [**....]
Gold:   375        SH: 14    Dex: 10    Spells: 9/9 levels left

rFire    . . .     SeeInvis +   q - +5 great sword (holy)
rCold    . . .     Gourm    .   c - +0 shield
rNeg     . . .     Faith    .   b - +1 scale mail
rPois    +         Spirit   .   (helmet unavailable)
rElec    .         Reflect  .   g - +0 cloak {+Inv}
rCorr    .         Harm     .   (no gloves)
MR       +....                  s - +2 pair of boots
Stlth    ..........             (no amulet)
HPRegen  0.21/turn              v - ring of magical power
MPRegen  0.18/turn              a - ring of poison resistance

@: no status effects
A: permanent stasis, dig shafts and tunnels, four strong arms, antennae 3
a: Dig, Shaft Self, Upheaval, Renounce Religion, Evoke Invisibility


You were on level 9 of the Dungeon.
You worshipped Qazlal.
Qazlal was pleased with you.
You were not hungry.

You visited 2 branches of the dungeon, and saw 10 of its levels.

You collected 375 gold pieces.

Inventory:

Hand Weapons
 q - a +5 great sword of holy wrath (weapon)
Armour
 b - a +1 scale mail (worn)
 c - a +0 shield (worn)
 g - a +0 cloak of invisibility (worn)
 s - a +2 pair of boots (worn)
Jewellery
 a - a ring of poison resistance (right hand)
 v - a ring of magical power (left hand)
Wands
 r - a wand of iceblast (5)
 z - a wand of digging (12)
Scrolls
 e - 3 scrolls of fog
 h - a scroll of noise {unknown}
 i - a scroll of fear {unknown}
 k - 2 scrolls of identify
 l - 7 scrolls of enchant armour
 m - a scroll of remove curse
 o - a scroll of magic mapping
Potions
 d - 2 potions of might
 j - 2 potions of lignification
 n - a potion of magic
 t - 2 potions of flight
 u - 3 potions of cancellation
Books
 w - a book of Maledictions

   Spells                             Type                      Level
   a - Corona                         Hexes                        1
   b - Ensorcelled Hibernation        Hexes/Ice                    2
   c - Confuse                        Hexes                        3
   d - Tukima's Dance                 Hexes                        3
   e - Dazzling Spray                 Conjuration/Hexes            3
 x - a book of Cantrips

   Spells                             Type                      Level
   a - Confusing Touch                Hexes                        1
   b - Animate Skeleton               Necromancy                   1
   c - Summon Small Mammal            Summoning                    1
   d - Apportation                    Translocation                1
 y - a Young Poisoner's Handbook

   Spells                             Type                      Level
   a - Sting                          Conjuration/Poison           1
   b - Poisonous Vapours              Poison/Air                   2
   c - Mephitic Cloud                 Conjuration/Poison/Air       3
   d - Olgreb's Toxic Radiance        Poison                       4
   e - Venom Bolt                     Conjuration/Poison           5
 A - the Reference Book on Twisted Transformation
   (You found it on level 9 of the Dungeon)

   Spells                             Type                      Level
   a - Beastly Appendage              Transmutation                1
   b - Animate Dead                   Necromancy                   4
   c - Irradiate                      Conjuration/Transmutation    5
   d - Yara's Violent Unravelling     Hexes/Transmutation          5
   e - Agony                          Necromancy                   5
Comestibles
 f - 7 rations


   Skills:
 - Level 3.2 Fighting
 * Level 10.1 Long Blades
 - Level 7.2 Armour
 + Level 9.9 Shields
 + Level 5.7 Invocations


You had 9 spell levels left.
You didn't know any spells.

Dungeon Overview and Level Annotations

Branches:
Dungeon (9/15)             Temple (1/1) D:5
   Lair: D:8-11         Orc: D:9-12

Altars:
Ashenzari
Cheibriados
Dithmenos
Elyvilon
Fedhas
Gozag
Hepliaklqana
Kikubaaqudgha
Makhleb
Nemelex Xobeh
Okawaru
Qazlal
Ru
Sif Muna
Trog
Uskayaw
Vehumet
Wu Jian
Xom
Yredelemnul
Zin
The Shining One


Innate Abilities, Weirdness & Mutations

You cannot be hasted, slowed, berserked, paralysed or teleported.
You can dig through walls and to a lower floor.
Your four strong arms can wield two-handed weapons with a shield.
You have a pair of large antennae on your head. (SInv)


Message History

* * * LOW HITPOINT WARNING * * *
You block the yak's attack. The yak gores you!
* * * LOW HITPOINT WARNING * * *
You block the yak's attack. x2
You block the yak's attack.
Unknown command.
Okay, then.
Okay, then.
As you read the scroll labeled IRAREOFFUX, it crumbles to dust.
Your stasis prevents you from teleporting.
It was a scroll of blinking.
You block the yak's attack. x2
The yak gores you but does no damage.
Unknown command.
As you read the scroll labeled XICAIMOCWU, it crumbles to dust.
It is a scroll of enchant weapon.
Your +4 great sword of holy wrath glows red for a moment.
The yak gores you.
* * * LOW HITPOINT WARNING * * *
The yak gores you but does no damage. The yak gores you!
You die...

#. #. #.###.# . .. #.....#
.. #..##.....# ...
#.........# ....
#.........####..#
#...............# .# #.
#.........Y†....# #.#####.
#........@Y.....# #.......
#......<..Y##...# #.......
##..........##...###.......
.......)....##............)
#...........##.............
#......<#...##...##........
#.......#...##...##........
#.).....#...##...##.....)).
#.......#........##......).


You could see 3 yaks.

Vanquished Creatures
  A two-headed ogre (D:9)
  The ghost of braks the Zephyrmancer, a novice TeAE of Makhleb (D:8)
  A hippogriff (D:7)
  A yak (D:9)
  An ice beast (D:7)
  A sky beast (D:8)
  2 black bears
  2 phantoms
  4 ogres
  2 centaurs
  A big kobold (D:8)
  6 bullfrogs
  Blork the orc (D:6)
  A wyvern skeleton (D:7)
  A scorpion (D:8)
  A water moccasin skeleton (D:3)
  A howler monkey (D:5)
  8 crimson imps
  A quasit (D:5)
  A centaur zombie (D:6)
  2 centaur skeletons
  4 hounds
  2 orc priests
  5 orc wizards
  Crazy Yiuf (D:2)
  2 bullfrog skeletons
  2 iguanas (D:6)
  4 worker ants
  14 adders
  A shadow imp (D:5)
  5 dart slugs
  2 worms
  8 leopard geckos
  20 orcs
  7 bats
  5 giant cockroaches
  5 goblins
  8 hobgoblins
  14 jackals
  11 kobolds
  5 quokkas
  3 frilled lizards
  A jackal skeleton (D:5)
  A quokka skeleton (D:7)
  A quokka zombie (D:5)
  6 rats
  A butterfly (D:5)
178 creatures vanquished.

Vanquished Creatures (others)
  A scorpion (D:8)
1 creature vanquished.

Grand Total: 179 creatures vanquished

Notes
Turn   | Place    | Note
-------+----------+-------------------------------------------
     0 | D:1      | KristoblXynda the Formicid Fighter began the quest for the Orb.
     0 | D:1      | Reached XP level 1. HP: 18/18 MP: 1/1
   114 | D:1      | Reached XP level 2. HP: 18/24 MP: 2/2
   594 | D:1      | Reached XP level 3. HP: 29/29 MP: 3/3
  1068 | D:2      | Reached skill level 3 in Long Blades
  1068 | D:2      | Reached XP level 4. HP: 26/35 MP: 4/4
  1330 | D:2      | Reached XP level 5. HP: 36/41 MP: 5/5
  1425 | D:2      | Found a runed door.
  1435 | D:2      | Noticed Crazy Yiuf
  1444 | D:2      | Killed Crazy Yiuf
  1620 | D:3      | Found a hazy altar of Hepliaklqana.
  1621 | D:3      | Found a shimmering altar of Xom.
  1621 | D:3      | Noticed a soldier ant
  1622 | D:3      | Noticed a soldier ant
  1622 | D:3      | Noticed a spectral ugly thing
  1630 | D:3      | Found a faded altar of an unknown god.
  1839 | D:3      | Reached skill level 5 in Shields
  2163 | D:3      | Reached XP level 6. HP: 45/47 MP: 6/6
  2410 | D:3      | Found a glowing golden altar of the Shining One.
  2511 | D:4      | Reached skill level 4 in Long Blades
  2511 | D:4      | Reached skill level 5 in Armour
  2800 | D:4      | Reached XP level 7. HP: 45/52 MP: 7/7
  3369 | D:5      | Entered Level 5 of the Dungeon
  3384 | D:5      | Found a staircase to the Ecumenical Temple.
  3405 | Temple   | Entered the Ecumenical Temple
  3521 | Temple   | Became a worshipper of Qazlal Stormbringer
  3579 | D:5      | Reached skill level 5 in Long Blades
  3613 | D:5      | Found a bloodstained altar of Trog.
  3675 | D:5      | Reached XP level 8. HP: 50/58 MP: 8/8
  4350 | D:6      | Reached skill level 6 in Long Blades
  4400 | D:6      | Reached * piety under Qazlal
  4537 | D:6      | Noticed Blork the orc
  4547 | D:6      | Killed Blork the orc
  4665 | D:6      | Reached skill level 7 in Long Blades
  4665 | D:6      | Reached XP level 9. HP: 43/64 MP: 9/9
  5104 | D:7      | Noticed a hippogriff
  5119 | D:7      | Killed a hippogriff
  5119 | D:7      | Reached skill level 1 in Invocations
  5223 | D:7      | Reached skill level 8 in Long Blades
  5746 | D:7      | Reached ** piety under Qazlal
  6194 | D:8      | Identified a scroll of acquirement
  6214 | D:8      | Found a shadowy altar of Dithmenos.
  6306 | D:8      | Noticed braks's ghost (novice TeAE)
  6319 | D:8      | Killed braks's ghost
  6319 | D:8      | Reached skill level 9 in Long Blades
  6319 | D:8      | Reached XP level 10. HP: 15/70 MP: 13/13
  6523 | D:8      | Found a bloodstained altar of Trog.
  6728 | D:8      | Found an ornate altar of the Wu Jian Council.
  6904 | D:8      | Reached skill level 5 in Invocations
  6997 | D:9      | Found a blossoming altar of Fedhas.
  7055 | D:9      | Identified the Reference Book on Twisted Transformation
  7114 | D:9      | Noticed a two-headed ogre
  7123 | D:9      | Killed a two-headed ogre
  7123 | D:9      | Reached skill level 10 in Long Blades
  7198 | D:9      | Mangled by a yak

Vault maps used:
D:1:      lightli_arrival_statue_moat, st_stairs_2, serial_park_tiny_pond
D:2:      first_ration, uniq_crazy_yiuf_cottage
D:3:      regret_index_temple_of_mockery, marbit_many_paths,
          chequers_ecumenical_altar_simple_redux
D:5:      lightli_temple_of_fire, minmay_temple_entry_butterflies
D:6:      uniq_blork_the_orc
D:8:      grunt_dithmenos_smoke, kennysheep_little_box, basic_altar
D:9:      basic_altar, fedhas_altar_1
Temple:   compressed_dpeg_circular_temple

Skill      XL: |  1  2  3  4  5  6  7  8  9 10 |
---------------+-------------------------------+-----
Shields        | 4 5 6 7 9 |  9.9
Long Blades    | 3 4 5 7 9 10 | 10.1
Armour         | 4 5 6 7 |  7.2
Invocations    | 4 5 |  5.7
Fighting       | |  3.2

Action                   |  1- 3 |  4- 6 |  7- 9 | 10-12 || total
-------------------------+-------+-------+-------+-------++-------
Melee: Long sword        |    98 |   236 |   458 |       ||   792
       Great sword       |       |       |    35 |    43 ||    78
Evoke: Wand              |       |       |       |     1 ||     1
  Use: Scroll            |       |     3 |    12 |     3 ||    18
       Potion            |       |       |     4 |       ||     4
  Eat: Chunk             |       |     5 |     7 |     1 ||    13
       Ration            |       |     1 |     1 |     1 ||     3
Armor: Scale mail        |    71 |   103 |   232 |    13 ||   419
Dodge: Dodged            |    50 |    74 |   167 |     6 ||   297
Block: Shield            |    84 |   143 |   305 |    44 ||   576
       Rpst.: Long sword |    16 |    26 |    36 |       ||    78
       Great sword       |       |       |     3 |     2 ||     5

Table legend:
 A = Spawn XP
 B = Non-spawn XP
 C = Spawn XP percentage of total XP
 D = Spawn monster count
 E = Non-spawn monster count
 F = Spawn count percentage of total count
 G = Total turns spent on level
                    A         B        C        D         E        F      G
               +---------+---------+-------+---------+---------+-------+---------
         Total |       0 |    6253 |   0.0 |       0 |     177 |   0.0 |  7198
               +---------+---------+-------+---------+---------+-------+---------
           D:1 |       0 |      32 |   0.0 |       0 |      17 |   0.0 |   899
           D:2 |       0 |     150 |   0.0 |       0 |      26 |   0.0 |   711
           D:3 |       0 |     143 |   0.0 |       0 |      25 |   0.0 |   891
           D:4 |       0 |     553 |   0.0 |       0 |      19 |   0.0 |   868
           D:5 |       0 |     461 |   0.0 |       0 |      21 |   0.0 |   830
           D:6 |       0 |     919 |   0.0 |       0 |      22 |   0.0 |   756
           D:7 |       0 |    1056 |   0.0 |       0 |      19 |   0.0 |  1104
           D:8 |       0 |    1620 |   0.0 |       0 |      17 |   0.0 |   805
           D:9 |       0 |    1319 |   0.0 |       0 |      11 |   0.0 |   207
               +---------+---------+-------+---------+---------+-------+---------
